Map: Deathaura LE

Players

MaxPax - Winner!

  • Race: Protoss Protoss
  • Spawn Location: 11:00

SpeCial

  • Race: Terran Terran
  • League: Master
  • Spawn Location: 5:00

Event: ASUS ROG Online 2020

VOD

Have the link to the VOD?

Description

Time

  • Played on: Nov. 27, 2020, 9:57 a.m.
  • Length: 11:49

All games in this series

Show
View Real Time Build Order
Export as new Build Order

MaxPax Protoss - Winner!

Build Orders: 1 Gate Expand, Oracle Opening 

Get SALT Encoding   

  12  0:00  Probe  
  13  0:12  Probe  
  14  0:17  Pylon  
  14  0:24  Probe (Chrono Boost)  
  15  0:38  Gateway, Probe (Chrono Boost)  
  16  0:43  Probe (Chrono Boost)  
  16  0:45  Assimilator  
  17  0:52  Probe  
  18  1:04  Probe  
  19  1:16  Probe  
  20  1:26  Cybernetics Core  
  20  1:31  Nexus  
  20  1:35  Probe  
  21  1:42  Pylon  
  21  1:49  Assimilator, Probe  
  22  1:59  Adept (Chrono Boost)  
  22  2:01  Probe  
  25  2:13  Probe (Chrono Boost)  
  26  2:22  Adept  
  29  2:23  Probe (Chrono Boost)  
  29  2:27  Stargate  
  29  2:28  Probe (Chrono Boost)  
  29  2:34  Warp Gate  
  30  2:43  Probe (Chrono Boost)  
  30  2:44  Probe (Chrono Boost)  
  32  2:52  Adept  
  32  2:53  Probe (Chrono Boost)  
  32  2:55  Probe (Chrono Boost)  
  32  2:58  Probe (Chrono Boost)  
  36  3:04  Probe  
  38  3:09  Oracle (Chrono Boost)  
  38  3:10  Probe  
  42  3:16  Probe  
  42  3:18  Gateway  
  43  3:22  Probe  
  44  3:27  Pylon  
  44  3:28  Assimilator, Probe  
  46  3:34  Probe  
  46  3:40  Pylon  
  46  3:46  Probe x2  
  50  3:50  Robotics Facility  
  50  3:55  Void Ray (Chrono Boost)  
  50  3:58  Probe  
  50  3:59  Shield Battery  
  50  4:00  Shield Battery  
  51  4:12  Pylon  
  51  4:16  Shield Battery  
  51  4:22  Zealot, Void Ray (Chrono Boost)  
  51  4:24  Zealot  
  60  4:31  Probe x2  
  61  4:40  Assimilator  
  61  4:42  Pylon  
  61  4:43  Probe x2  
  61  4:45  Robotics Bay  
  63  4:48  Zealot x2  
  63  4:50  Pylon  
  67  4:55  Probe  
  67  4:56  Probe  
  69  5:00  Immortal (Chrono Boost)  
  69  5:04  Pylon  
  73  5:10  Zealot x2  
  77  5:15  Phoenix (Chrono Boost)  
  77  5:17  Pylon  
  77  5:19  Probe x2  
  78  5:33  Nexus  
  78  5:34  Observer (Chrono Boost)  
  79  5:37  Phoenix (Chrono Boost)  
  79  5:38  Pylon  
  81  5:50  Probe x2  
  81  5:53  Pylon  
  83  6:00  Colossus  
  83  6:01  Phoenix  
  91  6:18  Probe  
  86  6:19  Probe  
  86  6:20  Sentry, Zealot  
  91  6:26  Phoenix (Chrono Boost)  
  91  6:29  Forge x2  
  91  6:30  Probe  
  91  6:31  Probe  
  95  6:35  Shield Battery  
  95  6:38  Twilight Council  
  95  6:42  Probe, Observer  
  95  6:43  Probe  
  95  6:44  Extended Thermal Lance  
  95  6:45  Probe  
  98  6:48  Phoenix (Chrono Boost)  
  98  6:51  Observer  
  100  6:54  Sentry, Zealot  
  100  6:56  Probe  
  100  7:00  Probe  
  106  7:02  Gateway  
  106  7:04  Phoenix (Chrono Boost)  
  106  7:07  Probe  
  109  7:17  Zealot x2  
  113  7:29  Phoenix  
  108  7:40  Colossus (Chrono Boost)  
  110  7:47  Charge (Chrono Boost)  
  110  7:49  Probe  
  110  7:50  Probe  
  112  7:54  Probe  
  109  8:03  Probe  
  108  8:10  Probe  
  103  8:14  Phoenix  
  103  8:17  Zealot x3  
  103  8:19  Probe  
  106  8:21  Probe  
  107  8:29  Probe  
  102  8:34  Observer (Chrono Boost)  
  102  8:36  Probe  
  102  8:38  Gateway  
  102  8:39  Phoenix (Chrono Boost)  
  102  8:40  Protoss Ground Weapons Level 1 (Chrono Boost)  
  106  8:42  Gateway  
  106  8:43  Assimilator, Gateway  
  106  8:44  Assimilator, Gateway x2  
  106  8:45  Gateway  
  106  8:47  Templar Archives, Gateway  
  106  8:50  Protoss Ground Armor Level 1 (Chrono Boost), Warp Prism (Chrono Boost)  
  106  8:51  Zealot x2  
  106  8:52  Zealot  
  106  8:54  Nexus  
  106  8:55  Pylon  
  114  8:57  Pylon  
  114  8:58  Probe  
  114  8:59  Probe  
  114  9:01  Phoenix (Chrono Boost)  
  118  9:03  Probe  
  118  9:04  Pylon  
  119  9:12  Zealot x3  
  119  9:16  Dark Shrine  
  125  9:17  Probe  
  125  9:18  Assimilator  
  125  9:21  Assimilator  
  126  9:30  Blink  
  126  9:32  Probe  
  127  9:40  Zealot x7  
  141  9:46  Photon Cannon  
  141  9:49  Photon Cannon  
  141  9:52  Photon Cannon, Disruptor (Chrono Boost)  
  144  10:05  Zealot x3  
  144  10:06  Zealot  
  125  10:20  Phoenix (Chrono Boost)  
  121  10:23  Probe  
  118  10:36  Phoenix, Zealot x6  
  118  10:37  Zealot x4  
  118  10:38  Warp Prism (Chrono Boost)  
  130  10:47  Probe  
  130  10:48  Probe x2  
  133  10:51  Pylon  
  133  10:53  Photon Cannon  
  133  10:59  Pylon, High Templar x4  
  133  11:00  High Templar x2  
  133  11:01  Phoenix, Zealot x3  
  133  11:04  Archon x3  
  141  11:25  Photon Cannon, Probe  
  126  11:31  Zealot x4  
  125  11:36  Zealot  
  125  11:37  Zealot x5  
Show
View Real Time Build Order
Export as new Build Order

SpeCial Terran 

Build Orders: Cyclone Timing 

Get SALT Encoding   

  12  0:00  SCV  
  13  0:12  SCV  
  14  0:17  Supply Depot  
  14  0:24  SCV  
  15  0:38  SCV  
  15  0:40  Barracks  
  16  0:43  Refinery  
  16  0:50  SCV  
  17  1:02  SCV  
  18  1:14  SCV  
  19  1:27  Orbital Command, Marine  
  20  1:41  Command Center  
  20  1:46  Barracks Reactor  
  20  1:54  Supply Depot  
  20  1:56  SCV  
  21  2:07  Factory  
  21  2:11  SCV  
  22  2:19  Refinery  
  22  2:23  SCV  
  22  2:24  Marine x2  
  25  2:35  SCV  
  26  2:41  Marine  
  26  2:42  Marine  
  28  2:47  SCV  
  29  2:52  Starport  
  29  2:53  Factory Tech Lab  
  29  2:56  Orbital Command  
  29  2:59  Marine x2  
  32  3:05  SCV  
  32  3:12  Cyclone  
  35  3:17  Marine x2  
  37  3:20  SCV  
  37  3:21  SCV  
  39  3:28  Supply Depot  
  39  3:30  Medivac  
  41  3:36  Marine x2  
  41  3:38  SCV x2  
  45  3:49  Cyclone  
  45  3:50  SCV  
  45  3:51  Supply Depot, SCV  
  45  3:53  Marine  
  51  4:04  Viking  
  51  4:07  Marine  
  54  4:11  SCV  
  54  4:12  Marine  
  54  4:13  SCV  
  55  4:23  SCV  
  54  4:25  SCV  
  54  4:26  Cyclone  
  56  4:35  SCV  
  56  4:37  SCV  
  56  4:43  Mag-Field Accelerator  
  56  4:48  SCV, Marine x2  
  56  4:49  Supply Depot, SCV  
  60  5:00  SCV  
  60  5:01  SCV  
  62  5:11  Cyclone  
  62  5:12  SCV  
  64  5:15  SCV  
  64  5:24  SCV  
  64  5:26  Command Center  
  65  5:28  SCV  
  65  5:30  Supply Depot  
  66  5:36  SCV, Refinery x2  
  66  5:37  Marine x2  
  66  5:42  Supply Depot  
  69  5:43  SCV  
  69  5:49  SCV  
  69  5:52  Cyclone  
  69  5:55  Supply Depot, SCV  
  73  6:01  SCV  
  74  6:07  SCV  
  62  6:21  SCV x2  
  62  6:24  Factory, Cyclone  
  67  6:26  Supply Depot  
  67  6:31  Barracks Tech Lab  
  67  6:33  SCV  
  67  6:34  Factory, SCV  
  67  6:35  Engineering Bay  
  67  6:39  Armory  
  69  6:45  SCV  
  69  6:46  SCV  
  71  6:55  Viking  
  71  6:56  Orbital Command, Cyclone  
  71  6:57  SCV  
  71  6:58  SCV  
  78  7:01  Marine  
  78  7:08  Widow Mine x2  
  83  7:09  Missile Turret, SCV  
  83  7:10  SCV  
  83  7:11  Missile Turret  
  85  7:20  Missile Turret  
  85  7:21  SCV x2  
  85  7:22  SCV  
  88  7:33  SCV  
  79  7:37  SCV  
  79  7:40  Widow Mine x2  
  79  7:41  Cyclone x2  
  79  7:44  Viking  
  82  7:45  Terran Vehicle Weapons Level 1  
  82  7:48  SCV  
  81  7:51  Factory  
  81  7:52  Factory  
  76  7:58  SCV  
  76  8:02  Widow Mine x2  
  76  8:04  Orbital Command  
  73  8:08  SCV  
  67  8:12  SCV  
  67  8:13  Cyclone x2  
  67  8:20  Viking  
  67  8:22  SCV  
  68  8:34  SCV x2  
  66  8:35  SCV  
  66  8:37  Widow Mine x2  
  71  8:46  SCV x2  
  71  8:47  SCV  
  74  8:50  Medivac, Factory Tech Lab  
  74  8:51  Factory Tech Lab  
  76  8:56  Refinery  
  76  8:58  SCV x2  
  76  8:59  Hellion x2  
  76  9:00  SCV  
  76  9:01  Refinery  
  83  9:02  Missile Turret  
  83  9:10  Supply Depot, SCV x2  
  83  9:11  Siege Tank x2  
  83  9:12  SCV  
  92  9:20  Hellion x2  
  92  9:22  SCV x2  
  92  9:24  Siege Tank, SCV  
  99  9:29  Missile Turret  
  99  9:31  Siege Tank  
  105  9:34  SCV x2  
  105  9:36  SCV  
  108  9:41  Hellion  
  108  9:42  Hellion  
  108  9:43  Missile Turret  
  108  9:45  Viking  
  114  9:46  SCV x2  
  116  10:01  SCV x2  
  116  10:03  Hellion x2, Siege Tank  
  125  10:14  Siege Tank  
  125  10:15  Siege Tank  
  125  10:20  Supply Depot  
  125  10:22  Supply Depot  
  125  10:28  SCV x2  
  125  10:29  Hellion  
  125  10:30  Hellion  
  125  10:33  Siege Tank  
  118  10:36  Viking  
  118  10:41  SCV  
  119  10:44  Siege Tank  
  119  10:46  Siege Tank  
  119  10:47  Hellion  
  128  10:50  SCV  
  128  10:51  Missile Turret  
  128  10:53  Hellion x2, SCV  
  133  10:59  Missile Turret  
  133  11:00  Refinery  
  133  11:09  SCV x2  
  132  11:12  Cyclone  
  132  11:15  Cyclone  
  132  11:21  SCV x2  
  114  11:34  SCV x2  
Tags
 
Add a new tag
Caveats
  • Supply blocks, unpowered buildings, or Contaminate may cause inaccurate times.
  • Supply counts are checked every 10 seconds.